Map: Thunderbird LE

Players

turdface - Winner!

  • Race: Protoss Protoss
  • League: Silver
  • Spawn Location: 11:00

TiPtOP

  • Race: Terran Terran
  • League: Silver
  • Spawn Location: 5:00

VOD

Have the link to the VOD?

Description

Time

  • Played on: Aug. 13, 2019, 9:05 a.m.
  • Length: 13:18
Show
View Real Time Build Order
Export as new Build Order

turdface Protoss - Winner!

Build Orders: Zealot Archon, Dark Templar Rush 

Get SALT Encoding   

  12  0:02  Probe  
  13  0:16  Pylon  
  13  0:18  Probe  
  14  0:33  Probe  
  14  0:34  Gateway  
  14  0:41  Probe  
  15  0:49  Assimilator  
  16  0:51  Probe  
  17  1:03  Probe  
  18  1:05  Gateway  
  18  1:15  Probe  
  19  1:22  Cybernetics Core  
  19  1:28  Probe  
  19  1:32  Pylon  
  20  1:40  Probe  
  20  1:43  Assimilator  
  21  1:51  Forge  
  21  1:52  Probe  
  22  1:58  Adept  
  24  2:04  Adept, Probe  
  27  2:32  Twilight Council  
  27  2:38  Protoss Shields Level 1  
  27  2:54  Pylon  
  27  2:56  Gateway  
  27  2:59  Gateway  
  27  3:05  Pylon  
  27  3:34  Adept  
  27  3:35  Adept  
  27  3:41  Charge, Gateway  
  27  3:47  Dark Shrine  
  27  3:49  Zealot  
  27  3:50  Zealot  
  31  4:01  Warp Gate  
  31  4:15  Zealot x2  
  35  4:22  Adept  
  37  4:31  Adept  
  37  4:33  Zealot  
  41  4:42  Stalker  
  39  5:30  Nexus  
  39  5:44  Nexus  
  39  5:46  Pylon  
  39  5:47  Pylon  
  35  6:28  Zealot x5  
  45  6:33  Gateway  
  45  6:36  Gateway  
  45  6:52  Probe, Protoss Ground Weapons Level 1  
  45  6:55  Probe  
  45  7:00  Probe  
  47  7:07  Probe  
  49  7:09  Probe  
  50  7:18  Probe  
  50  7:19  Dark Templar x2  
  55  7:26  Probe  
  55  7:34  Probe  
  57  7:45  Archon  
  57  7:47  Dark Templar x3  
  57  7:50  Probe  
  64  7:56  Assimilator  
  64  7:57  Probe  
  66  7:58  Probe  
  66  8:02  Probe  
  67  8:06  Probe  
  67  8:07  Archon  
  67  8:09  Probe  
  69  8:14  Probe  
  69  8:15  Probe, Assimilator  
  71  8:22  Probe  
  71  8:26  Probe  
  73  8:32  Dark Templar x4  
  73  8:34  Probe  
  82  8:42  Probe  
  83  8:50  Assimilator  
  83  8:52  Dark Templar x2  
  83  8:53  Probe  
  83  8:55  Archon x3  
  88  8:56  Protoss Shields Level 2  
  88  9:05  Probe  
  89  9:23  Zealot x2  
  93  9:33  Pylon  
  93  9:36  Pylon  
  93  9:39  Pylon  
  93  9:42  Pylon  
  93  9:44  Assimilator  
  93  9:45  Pylon  
  93  9:48  Probe  
  94  10:00  Probe  
  94  10:02  Zealot x3  
  94  10:03  Dark Templar x4  
  109  10:12  Probe  
  110  10:25  Probe  
  109  10:29  Dark Templar x2  
  109  10:37  Probe  
  97  10:53  Dark Templar  
  97  10:55  Zealot x3  
  97  10:56  Zealot  
  83  11:25  Probe x3  
  72  11:37  Probe x3  
  75  11:40  Zealot x2  
  75  11:41  Zealot x5  
  89  11:49  Probe x2  
  91  11:57  Probe  
  92  12:01  Probe  
  92  12:05  Probe  
  91  12:13  Probe  
  79  12:16  Probe  
  80  12:25  Probe  
  80  12:26  Zealot x5  
  80  12:28  Probe  
  92  12:38  Probe  
  93  12:47  Probe  
  94  12:55  Probe  
  90  13:05  Probe  
Show
View Real Time Build Order
Export as new Build Order

TiPtOP Terran 

Build Orders:  

Get SALT Encoding   

  12  0:01  SCV  
  13  0:13  SCV  
  14  0:17  Supply Depot  
  14  0:25  SCV  
  15  0:37  Refinery  
  15  0:42  Barracks  
  15  0:44  SCV  
  16  1:01  SCV  
  17  1:19  SCV  
  18  1:33  Command Center  
  18  1:36  Barracks Reactor  
  18  1:59  Barracks  
  18  2:00  SCV  
  19  2:15  Marine x2  
  21  2:23  SCV  
  22  2:35  Marine  
  23  2:45  Marine, Orbital Command  
  23  2:49  Barracks Tech Lab  
  23  2:50  Supply Depot  
  24  2:52  SCV  
  25  3:00  Marine  
  25  3:02  Marine  
  25  3:05  SCV  
  28  3:12  Marauder  
  30  3:18  SCV  
  27  3:55  SCV  
  27  4:05  SCV, Barracks  
  27  4:07  Refinery  
  27  4:08  Orbital Command  
  28  4:16  Marine  
  28  4:17  SCV, Marine, Marauder  
  29  4:19  Stimpack  
  33  4:38  Factory  
  33  4:44  SCV  
  34  4:47  Marine  
  34  4:48  Marine, Marauder  
  38  4:56  Barracks Reactor, SCV  
  39  5:05  Marine x2  
  41  5:10  Marauder  
  41  5:13  SCV  
  44  5:15  SCV  
  45  5:23  Factory Reactor  
  45  5:25  SCV  
  45  5:26  Starport  
  46  5:32  SCV  
  46  5:36  Supply Depot  
  46  5:44  Supply Depot  
  46  5:49  Supply Depot  
  46  5:57  SCV x2, Marine x2  
  46  5:58  Supply Depot  
  49  6:44  Marine x3  
  49  6:45  Marauder  
  54  6:55  Supply Depot x2  
  54  6:56  Marine  
  54  6:57  Factory Tech Lab  
  55  7:02  Marine  
  55  7:03  Medivac  
  55  7:06  Marauder  
  55  7:08  SCV x2  
  62  7:15  Refinery  
  62  7:18  Supply Depot  
  62  7:20  Refinery, SCV  
  62  7:21  SCV  
  64  7:29  Siege Tank  
  67  7:32  SCV  
  67  7:34  Marine x4  
  72  7:40  Medivac  
  74  7:47  SCV  
  75  7:54  Marine x2  
  75  7:55  Marine x2  
  75  7:56  Marauder  
  81  7:59  SCV  
  81  8:05  Engineering Bay  
  82  8:34  Marine x5  
  83  8:36  Siege Tank  
  83  8:37  Medivac x2  
  94  8:51  Marine  
  94  8:52  Marine  
  94  8:53  Marauder  
  98  9:02  SCV x2  
  100  9:04  Marine x2  
  102  9:23  Terran Infantry Weapons Level 1  
  102  9:24  Supply Depot  
  102  9:45  Marine  
  102  9:46  SCV x2, Marauder  
  102  9:47  Supply Depot  
  107  10:07  Marauder  
  107  10:10  Supply Depot  
  101  10:29  Marauder  
  96  11:02  Marine x5  
  84  11:19  Marine  
  84  11:20  Marine x2  
  84  11:23  Marine x2  
  84  11:25  Siege Tank  
  92  11:37  Marine x2  
  92  11:38  Marine  
  83  11:40  Marine  
  83  11:41  Marauder  
  86  11:55  Marine x3  
  86  11:57  Siege Tank  
  86  11:58  Marine  
  93  12:02  Marauder  
  93  12:06  Command Center  
  95  12:13  Marine  
  78  12:22  Marine x3  
  60  12:24  Marauder  
  60  12:29  Siege Tank  
  52  12:31  Marine  
  53  12:40  Marine  
  54  12:45  Marauder  
  47  12:59  Marine x2  
Tags
 
Add a new tag
Caveats
  • Supply blocks, unpowered buildings, or Contaminate may cause inaccurate times.
  • Supply counts are checked every 10 seconds.